 Dungeon Sprint DCSS version bcrawl-1.38.3 (webtiles) character file.

Game seed: 8672713758844955816

104334 EarthwalkerPL the Slasher (level 2, 0/30 HPs)
             Began as a Minotaur Fighter on May 25, 2023.
             Was a Follower of the Shining One.
             Slain by a mummy priest (19 damage)
             ... in the Dungeon (Sprint V: "Ziggurat Sprint").
             The game lasted 00:03:54 (114 turns).

EarthwalkerPL the Slasher (Minotaur Fighter)         Turns: 114, Time: 00:03:54

Health: 0/30       AC: 26    Str: 20    XL:     2   Next: 0%
Magic:  1/1        EV:  1    Int:  5    God:    the Shining One [*.....]
Gold:   0          SH: 16    Dex: 21    Spells: 1/1 levels left

rFire    . . .     GDR:     34% W - +7 Singing Sword {slice}
rCold    . . .     SeeInvis .   G - +3 medium shield
rNeg     . . .     Gourm    .   L - +15 Maxwell's patent armour {-Cast -Tele rElec MR+ rCorr}
rPois    .         Faith    .   (helmet restricted)
rElec    +         Spirit   .   (no cloak)
rCorr    +         Reflect  .   (no gloves)
MR       +....     NoTele   +   (no boots) Stlth ..........NoCast +
                                (no amulet)
HPRegen  0.15/turn              w - +6 ring of dexterity
MPRegen  0.07/turn              x - +6 ring of dexterity

@: singing, very slightly contaminated, glowing, invisible (but backlit and
visible) (expiring)
A: retaliatory headbutt, horns 2
a: Divine Shield, Renounce Religion


You were in the Dungeon.
You worshipped the Shining One.
The Shining One was aware of your devotion.
You were not hungry.

You visited 1 branch

Inventory:

Hand Weapons
 b - a +5 double sword
 U - the +0 sword of Power
   (You found it in the Dungeon)
 W - the +7 Singing Sword (weapon) {slice}
   (You found it in the Dungeon)

   It will always inflict at least some extra damage.
   This minimum extra damage increases with your current reserve of magical
   power.
Armour
 F - a +3 large shield
 G - a +3 medium shield (worn)
 H - a +5 crystal plate armour
 L - the +15 Maxwell's patent armour (worn) {-Cast -Tele rElec MR+ rCorr}
   (You found it in the Dungeon)

   It insulates you from electricity.
   It affects your resistance to hostile enchantments.
   It prevents spellcasting.
   It prevents most forms of teleportation.
   It provides partial protection from all sources of acid and corrosion.
 M - the +18 shield of the Gong {rElec rN+ MR+ EV-5}
   (You found it in the Dungeon)

   It affects your evasion (-5).
   It insulates you from electricity.
   It protects you from negative energy.
   It affects your resistance to hostile enchantments.
Jewellery
 v - the ring "Peicwost" {+Fly rF- MP+9 Dex+2}
   (You found it in the Dungeon)

   [ring of flight]

   It affects your dexterity (+2).
   It makes you vulnerable to fire.
   It affects your magic capacity (+9).
   It lets you fly.
 w - a +6 ring of dexterity (left hand)
 x - a +6 ring of dexterity (right hand)
 y - a +6 ring of intelligence
 z - a +6 ring of intelligence
 A - a +6 ring of strength
 B - a +6 ring of strength
Wands
 C - a wand of disintegration (7)
 D - a wand of iceblast (7)
 E - a wand of acid (7)
Scrolls
 i - 5 scrolls of identify
 k - 4 scrolls of blinking
 q - 4 scrolls of amnesia
 r - 7 scrolls of fog
 t - 5 scrolls of remove curse
 u - 2 scrolls of fear
Potions
 d - 6 potions of might
 f - 10 potions of curing
 g - 10 potions of heal wounds
 h - 6 potions of haste
 j - 3 potions of berserk rage
 l - 2 potions of brilliance
 m - 2 potions of invisibility
 n - 4 potions of resistance
 p - 5 potions of agility
 s - 7 potions of magic
Miscellaneous
 a - a lightning rod (4/4)
Comestibles
 e - 7 rations {!d}


   Skills:
 * Level 6.2 Fighting
 * Level 7.6 Long Blades
 * Level 3.6 Armour
 + Level 0.0 Dodging
 + Level 3.6 Shields


You had one spell level left.
You didn't know any spells.
Your spell library was empty.

Dungeon Overview and Level Annotations

Branches:
Dungeon (1/1)

Altars:
Ashenzari
Cheibriados
Dithmenos
Elyvilon
Fedhas
Gozag
Hepliaklqana
Kikubaaqudgha
Lugonu
Makhleb
Nemelex Xobeh
Okawaru
Qazlal
Ru
Sif Muna
Trog
Uskayaw
Vehumet
Wu Jian
Xom
Yredelemnul
Zin
The Shining One
Jiyva

Annotations:
D 1 transporter


Innate Abilities, Weirdness & Mutations

You reflexively headbutt those who attack you in melee.
You have a pair of horns on your head.


Message History

Things that are here:
a +5 bardiche; a +5 demon trident
There is a transporter here.
Wear which item? (? for menu, Esc to quit)
Okay, then.
Welcome to arena 1.
You enter the transporter and appear at another place.
You and your allies can gain power from killing the unholy and evil.
You can now call upon the Shining One for a divine shield.
A mummy and a mummy priest come into view.
You have encountered a dangerous foe!
The Singing Sword starts singing loudly!
You are very lightly contaminated with residual magic.
The mummy priest prays to its god.
The mummy hits you!
You slash the mummy priest!
The mummy priest is lightly damaged.
The mummy priest hits you!!
Ouch! That really hurt!
You die...

▓▓▓▓▓▓▓
▓.8©8.▓
▓.....▓
▓.n.}.▓
▓.MM..▓
▓..@W.▓
▓..©..▓
▓▓▓▓▓▓▓


You could see a mummy priest, a necrophage, a shadow and a mummy.

Vanquished Creatures (others)
  2 spatial maelstroms (D)
2 creatures vanquished.

Notes
Turn   | Place    | Note
-------+----------+-------------------------------------------
     0 | D        | EarthwalkerPL the Minotaur Fighter began the quest for the
                  | Orb.
     0 | D        | Reached XP level 1. HP: 19/19 MP: 0/0
     0 | D        | Found a shimmering blue altar of Sif Muna.
     0 | D        | Found a sacrificial altar of Ru.
     0 | D        | Found a bloodstained altar of Trog.
     0 | D        | Found a stormy altar of Qazlal.
     0 | D        | Found an iron altar of Okawaru.
     0 | D        | Found a sparkling altar of Nemelex Xobeh.
     0 | D        | Found a blossoming altar of Fedhas.
     0 | D        | Banished a spatial maelstrom
     1 | D        | Found the +6 Majin-Bo {vamp, *Drain Str+12 Int+24}
     1 | D        | Found the +9 heavy crossbow "Sniper" {velocity, Acc+∞ SInv}
     1 | D        | Found the +10 dark maul {crush}
     1 | D        | Found the +15 Maxwell's patent armour {-Cast -Tele rElec
                  | MR+ rCorr}
     1 | D        | Found the +18 shield of the Gong {rElec rN+ MR+ EV-5}
     1 | D        | Found the cursed +14 obsidian axe {chop, +Fly SInv *Curse}
     1 | D        | Found the +7 great mace "Firestarter" {inner flame, rF++}
     1 | D        | Found the +0 shillelagh "Devastator" {shatter, Stlth+}
     1 | D        | Found the +8 plutonium sword {irradiate, +Channel *Contam
                  | MR+ Stlth-}
     1 | D        | Found the +8 lance "Wyrmbane" {slay drac, rPois rF+ rC+
                  | AC+3}
     1 | D        | Found the +9 sword of Zonguldrok {reap}
     1 | D        | Found the cursed +13 scythe of Curses {drain, *Curse}
     1 | D        | Found the +0 sword of Power
     1 | D        | Found the +7 mace of Variability {chain chaos}
     1 | D        | Found the +7 Singing Sword {slice}
     1 | D        | Found the +7 longbow "Piercer" {penet, EV-2}
     2 | D        | Found a transporter.
     2 | D        | Found an ancient bone altar of Kikubaaqudgha.
     2 | D        | Found a viscous altar of Jiyva.
     2 | D        | Found a corrupted altar of Lugonu.
     2 | D        | Found a hazy altar of Hepliaklqana.
     2 | D        | Found a burning altar of Makhleb.
     2 | D        | Found an opulent altar of Gozag.
     9 | D        | Got the ring "Peicwost" {+Fly rF- MP+9 Dex+2}
    18 | D        | Banished a spatial maelstrom
    85 | D        | Reached skill level 7 in Long Blades
    85 | D        | Reached XP level 2. HP: 30/30 MP: 1/1
    99 | D        | Became a worshipper of the Shining One
   112 | D        | Entered arena 2.
   112 | D        | Noticed a mummy priest
   112 | D        | Reached * piety under the Shining One
   112 | D        | Found a transporter.
   114 | D        | Noticed a shadow
   114 | D        | Noticed a necrophage
   114 | D        | Slain by a mummy priest

Skill      XL: |  1 |
---------------+----+-----
Fighting       | 6 |  6.2
Long Blades    | 7 |  7.6
Armour         | |  3.6
Shields        | |  3.6

Action                   || total
-------------------------++-------
Melee: Double sword      ||     1
  Use: Potion            ||     1
